 Dungeon Crawl Stone Soup version 0.25-a0-528-g6b7c99946c (webtiles) character file.

Game seed: 11955465157803788952, levelgen mode: classic

5450 EnegeticOcto the Cleaver (level 10, 28/96 HPs)
             Began as a Deep Dwarf Fighter on Feb 19, 2020.
             Quit the game on level 9 of the Dungeon.
             The game lasted 00:04:39 (4962 turns).

EnegeticOcto the Cleaver (Deep Dwarf Fighter)       Turns: 4962, Time: 00:04:40

Health: 28/96      AC: 18    Str: 23    XL:     10   Next: 41%
Magic:  2/2        EV:  9    Int:  9    God:
Gold:   430        SH: 16    Dex: 12    Spells: 9/9 levels left

rFire    + . .     SeeInvis .   u - +1 hand axe (vorpal)
rCold    . . .     Gourm    .   c - +0 kite shield
rNeg     . . .     Faith    .   A - +1 chain mail {rPois}
rPois    +         Spirit   .   q - +1 helmet
rElec    .         Reflect  +   d - +2 cloak
rCorr    .         Harm     .   b - +0 pair of gloves
MR       +....                  (no boots)
Stlth    ..........             y - +5 amulet of reflection
HPRegen  0.00/turn              (no ring)
MPRegen  0.08/turn              r - ring of protection from fire

@: non-regenerating
A: damage resistance, heal wounds, sense surroundings 2, no regeneration
a: Heal Wounds


You were on level 9 of the Dungeon.
You were not hungry.

You visited 2 branches of the dungeon, and saw 10 of its levels.

You collected 430 gold pieces.

Inventory:

Hand Weapons
 a - a +0 war axe
 u - a +1 vorpal hand axe (weapon)
Armour
 b - a +0 pair of gloves (worn)
 c - a +0 kite shield (worn)
 d - a +2 cloak (worn)
 q - a +1 helmet (worn)
 A - a +1 chain mail of poison resistance (worn)
Jewellery
 r - a ring of protection from fire (right hand)
 y - a +5 amulet of reflection (around neck)
Wands
 l - a wand of enslavement (11)
 x - a wand of polymorph (6)
Scrolls
 j - 3 scrolls of remove curse {@r6}
 m - a scroll of fear
 p - 2 scrolls of immolation {unknown}
 t - a scroll of blinking {@r3}
 v - a scroll of magic mapping {unknown}
 B - a scroll of fog
 C - a scroll of teleportation {@r2}
 E - 2 scrolls of identify {@r1}
Potions
 f - 2 potions of brilliance {unknown}
 g - a potion of berserk rage {unknown}
 h - 3 potions of degeneration
 i - a potion of magic {unknown}
 k - 2 potions of might {@q3}
 n - 2 potions of haste {@q4}
 o - 5 potions of curing {@q1}
 s - 3 potions of heal wounds {@q2}
 w - 2 potions of ambrosia
 z - 2 potions of stabbing {unknown}
 D - a potion of cancellation {unknown}
 F - a potion of lignification {unknown}
Comestibles
 e - 19 rations
 G - 13 chunks of flesh


   Skills:
 * Level 8.2 Fighting
 * Level 9.3 Axes
 + Level 7.3 Armour
 + Level 6.3 Dodging
 + Level 7.2 Shields


You had 9 spell levels left.
You didn't know any spells.
Your spell library was empty.

Dungeon Overview and Level Annotations

Branches:
Dungeon (9/15)             Temple (1/1) D:5
   Lair: D:8-11         Orc: D:9-12

Altars:
Ashenzari
Cheibriados
Dithmenos
Elyvilon
Fedhas
Gozag
Hepliaklqana
Kikubaaqudgha
Nemelex Xobeh
Okawaru
Qazlal
Ru
Sif Muna
Trog
Uskayaw
Xom
Yredelemnul
The Shining One
Beogh


Innate Abilities, Weirdness & Mutations

You are resistant to damage.
You can heal yourself by infusing magical energy.
You passively map the area around you.
You do not regenerate.


Message History

You block the hornet's attack.
You miss the orc wizard.
The orc wizard is severely wounded.
You miss the hornet. The hornet stings you. You block the orc wizard's attack.
You hit the orc wizard.
You kill the orc wizard!
You hit the hornet. You block the hornet's attack. x2
You hit the hornet but do no damage.
The hornet is lightly wounded.
You block the hornet's attack.
You hit the hornet but do no damage.
The hornet is lightly wounded.
The hornet stings you.
You hit the hornet.
The hornet is lightly wounded.
You block the hornet's attack.
An orc comes into view. It is wielding a -1 club.
The orc shouts!
You hit the hornet.
The hornet is moderately wounded.
You hear a shout! x3
You block the hornet's attack. The hornet barely misses you.
You hit the hornet.
The hornet is moderately wounded.
You block the hornet's attack.
There are monsters nearby!
You hit the hornet but do no damage.
The hornet is moderately wounded.
You block the hornet's attack.
An orc comes into view. It is wielding a +0 dagger.
You hit the hornet.
The hornet is heavily wounded.
You block the hornet's attack. x2
You miss the hornet.
The hornet is heavily wounded.
The hornet stings you but does no damage.
An orc comes into view. It is wielding a +0 hand axe.
You barely miss the hornet.
The hornet is heavily wounded.
The orc shouts!
You block the hornet's attack.
You barely miss the hornet.
The hornet is heavily wounded.
The hornet barely misses you.
The hornet stings you but does no damage.
You miss the hornet.
The hornet is heavily wounded.
You hit the orc but do no damage.
An orc wizard comes into view. It is wielding a +0 dagger.
You block the hornet's attack. You block the orc's attack.
You barely miss the hornet.
The hornet is heavily wounded.
Your chain mail prevents you from hitting the orc.
You block the hornet's attack.
You slash the hornet!
The hornet is severely wounded.
You hit the orc. You block the orc's attack. The hornet barely misses you.
You hit the orc.
You kill the orc!
You hit the hornet. You hit the orc. The hornet stings you!
The orc hits you but does no damage.
A cyclops comes into view.
You block the hornet's attack.
The orc wizard casts a spell.
The orc wizard blinks!
You slash the hornet!
You kill the hornet!
You hit the orc.
You kill the orc!
You slash the orc!
You kill the orc!
The cyclops throws a large rock.
The large rock hits you!!
The cyclops throws a large rock.
You reflect the large rock off an invisible shield around you!
The large rock hits the cyclops!
You see here a hornet corpse.
A bullfrog skeleton comes into view.
You hit the cyclops.
The cyclops is heavily wounded.
The cyclops hits you but does no damage.
The orc wizard points at you and mumbles some strange words.
The magic dart hits you.
You hit the cyclops but do no damage.
The cyclops is heavily wounded.
You completely miss the cyclops.
The cyclops is heavily wounded.
The orc wizard mumbles some strange words.
The orc wizard seems to speed up.
The cyclops hits you!!
* * * LOW HITPOINT WARNING * * *
You are too injured to fight recklessly!
You are too injured to fight recklessly!
You are too injured to fight recklessly!
You are too injured to fight recklessly!
You are too injured to fight recklessly!
You are too injured to fight recklessly!
You are too injured to fight recklessly!
You are too injured to fight recklessly!
You are too injured to fight recklessly!
You are too injured to fight recklessly!
Are you sure you want to abandon this character and quit the game? (Confirm with "yes".)

, * $...#. * ,
..........#.## ##### * ,
,.............## ##...##
, , ..............#
#.....# >
.............####.....#
,
........#...(.<.......#
,
.#...Zo.##............##
....(.C..........##.....
, #.#@..†.........8..) ,
, #......)(...........)
,,
..........))...#....8...
##.............##.......
, ,
#..............#........
,
......).................
*
............##..#.......
, ,
.............,..........
....8.8.8 .........#


You could see a cyclops, an orc wizard and a bullfrog skeleton.

Vanquished Creatures
  A two-headed ogre (D:8)
  Pikel (D:5)
  2 trolls
  A hornet (D:9)
  2 hippogriffs (D:8)
  Grum (D:8)
  A steam dragon (D:7)
  Duvessa (D:5)
  5 orc warriors (D:8)
  A black bear (D:8)
  A phantom (D:7)
  3 ogres (D:8)
  2 wolves (D:8)
  A big kobold (D:9)
  2 bullfrogs
  Dowan (D:5)
  5 scorpions
  3 howler monkeys
  A centaur zombie (D:6)
  4 crimson imps
  2 quasits (D:9)
  A centaur skeleton (D:6)
  2 hounds
  A jelly (D:6)
  A gnoll shaman (D:4)
  4 orc priests
  5 orc wizards
  An iguana (D:8)
  8 worker ants
  2 killer bee zombies (D:6)
  A hound zombie (D:6)
  2 hound skeletons
  Robin (D:4)
  4 worker ant zombies (D:6)
  11 gnolls
  A river rat (D:3)
  10 adders
  3 shadow imps
  2 oozes
  An adder zombie (D:6)
  3 worms
  A dart slug (D:2)
  6 leopard geckos
  43 orcs
  5 giant cockroaches
  18 goblins
  8 hobgoblins
  11 jackals
  8 kobolds
  2 quokkas
  3 bats
  3 frilled lizards
  A jackal zombie (D:6)
  A leopard gecko skeleton (D:4)
  6 rats
221 creatures vanquished.

Vanquished Creatures (others)
  A bullfrog (D:7)
  A kobold (D:9)
2 creatures vanquished.

Grand Total: 223 creatures vanquished

Notes
Turn   | Place    | Note
-------+----------+-------------------------------------------
     0 | D:1      | EnegeticOcto the Deep Dwarf Fighter began the quest for the
                  | Orb.
     0 | D:1      | Reached XP level 1. HP: 20/20 MP: 1/1
    45 | D:1      | Reached XP level 2. HP: 16/27 MP: 2/2
   197 | D:2      | Reached skill level 1 in Dodging
   198 | D:2      | Reached XP level 3. HP: 34/34 MP: 2/2
   454 | D:2      | Reached skill level 3 in Axes
   599 | D:3      | Reached XP level 4. HP: 38/42 MP: 3/3
  1177 | D:3      | Reached XP level 5. HP: 34/50 MP: 4/4
  1646 | D:4      | Reached skill level 4 in Axes
  1646 | D:4      | Reached XP level 6. HP: 46/57 MP: 4/4
  1650 | D:4      | Noticed Robin
  1679 | D:4      | Killed Robin
  1830 | D:4      | Found a hide-covered altar of Uskayaw.
  1981 | D:5      | Entered Level 5 of the Dungeon
  2018 | D:5      | Found a stormy altar of Qazlal.
  2068 | D:5      | Found a snail-covered altar of Cheibriados.
  2108 | D:5      | Found a staircase to the Ecumenical Temple.
  2120 | Temple   | Entered the Ecumenical Temple
  2248 | D:5      | Reached XP level 7. HP: 42/66 MP: 4/4
  2329 | D:5      | Noticed Pikel
  2342 | D:5      | Killed Pikel
  2342 | D:5      | Reached skill level 5 in Fighting
  2342 | D:5      | Reached skill level 5 in Axes
  2342 | D:5      | Reached skill level 5 in Armour
  2342 | D:5      | Reached skill level 5 in Shields
  2473 | D:5      | Noticed Dowan
  2475 | D:5      | Noticed Duvessa
  2507 | D:5      | Killed Duvessa
  2507 | D:5      | Reached XP level 8. HP: 41/75 MP: 5/5
  2525 | D:5      | Killed Dowan
  2745 | D:6      | Reached skill level 6 in Axes
  3450 | D:7      | Found a glowing golden altar of the Shining One.
  3511 | D:7      | Reached skill level 7 in Axes
  3542 | D:7      | Found a basalt altar of Yredelemnul.
  3714 | D:7      | Gained mutation: You passively map the area around you.
                  | [Deep Dwarf growth]
  3714 | D:7      | Reached XP level 9. HP: 54/85 MP: 4/4
  3863 | D:7      | Noticed an angel
  4014 | D:8      | Noticed Grum
  4027 | D:8      | Reached skill level 5 in Dodging
  4063 | D:8      | Killed Grum
  4063 | D:8      | Reached skill level 8 in Axes
  4173 | D:8      | Found a roughly hewn altar of Beogh.
  4398 | D:8      | Noticed a two-headed ogre
  4430 | D:8      | Killed a two-headed ogre
  4430 | D:8      | Reached XP level 10. HP: 83/96 MP: 2/2
  4548 | D:8      | Reached skill level 9 in Axes
  4715 | D:9      | Found a shattered altar of Ashenzari.
  4739 | D:9      | Found a sparkling altar of Nemelex Xobeh.
  4746 | D:9      | Found a bloodstained altar of Trog.
  4952 | D:9      | Noticed a cyclops
  4962 | D:9      | Quit the game

Levels and vault maps discovered:
D:1:      giann_bridges, layout_basic
D:2:      layout_loops_ring, kennysheep_pointless_box, serial_bayou_lagoon_b
D:3:      layout_loops_ring, gup_sewer_entry_spiral
D:4:      layout_rooms, old_standard_altar, uniq_robin
D:5:      layout_rooms, nicolae_qazlal_general_emergency, kennysheep_mini_moat,
          minmay_temple_entry_proselytizer, first_ration, uniq_duvessa,
          uniq_pikel
D:6:      layout_basic, serial_undead, serial_undead_e, serial_undead_e,
          serial_undead_f, serial_undead_c, lemuel_flamethrower_1
D:7:      layout_rooms, grunt_temple_overflow_holy_war
D:8:      layout_basic, special_room [special_room_orc], uniq_grum
D:9:      layout_cave_pools, lemuel_round_altar, zin_angel,
          kennysheep_little_box, nicolae_overflow_quartered_altars,
          serial_column_ruins, column_ruins_hut, column_ruins_columns_dead_end,
          column_ruins_open_tiny, column_ruins_corridor_straight,
          column_ruins_grid_3, column_ruins_columns_straight,
          column_ruins_grid_1, column_ruins_grid_3
Temple:   compressed_dpeg_circular_temple

Skill      XL: |  1  2  3  4  5  6  7  8  9 10 |
---------------+-------------------------------+-----
Fighting       | 3 4 5 6 7 8 |  8.2
Dodging        | 1 2 3 4 5 6 |  6.3
Axes           | 3 4 5 7 8 9 |  9.3
Shields        | 4 5 6 7 |  7.2
Armour         | 4 5 7 |  7.3

Action                   |  1- 3 |  4- 6 |  7- 9 | 10-12 || total
-------------------------+-------+-------+-------+-------++-------
Melee: War axe           |   127 |   161 |       |       ||   288
       Hand axe          |       |   116 |   438 |   109 ||   663
 Abil: Heal Wounds       |     1 |     3 |    23 |     4 ||    31
  Use: Scroll            |       |    11 |     3 |       ||    14
  Eat: Chunk             |       |     6 |     7 |     2 ||    15
Armor: Scale mail        |    60 |    69 |       |       ||   129
       Chain mail        |       |    74 |   221 |    53 ||   348
Dodge: Dodged            |    54 |    93 |   131 |    42 ||   320
Block: Kite shield       |    63 |   164 |   360 |   120 ||   707
       Reflection        |       |       |       |     8 ||     8

Table legend:
 A = Non-vault XP
 B = Vault XP
 C = Vault XP percentage of total XP
 D = Non-vault monster count
 E = Vault monster count
 F = Vault count percentage of total count
                 A         B        C        D         E       F
            +---------+---------+-------+---------+---------+-------
      Total |    5511 |    2276 |  29.2 |     162 |      60 |  27.0
            +---------+---------+-------+---------+---------+-------
        D:1 |      17 |       0 |   0.0 |       8 |       0 |   0.0
        D:2 |      59 |       0 |   0.0 |      18 |       0 |   0.0
        D:3 |     138 |      49 |  26.2 |      32 |       6 |  15.8
        D:4 |     364 |      40 |   9.9 |      25 |      13 |  34.2
        D:5 |     120 |     802 |  87.0 |       4 |       4 |  50.0
        D:6 |     247 |     223 |  47.4 |      13 |      10 |  43.5
        D:7 |     804 |       0 |   0.0 |      13 |       0 |   0.0
        D:8 |    2594 |    1162 |  30.9 |      23 |      27 |  54.0
        D:9 |    1168 |       0 |   0.0 |      26 |       0 |   0.0
            +---------+---------+-------+---------+---------+-------
